 Dungeon Crawl Stone Soup version 0.31.0-32-g396128a36d (webtiles) character file.

Game seed: 10909975501239370459

44 0gre the Chiller (level 3, 0/25 HPs)
             Began as a Gnoll Ice Elementalist on Apr 11, 2024.
             Constricted to death by a ball python (1 damage)
             ... on level 2 of the Dungeon.
             The game lasted 00:05:00 (865 turns).

0gre the Chiller (Gnoll Ice Elementalist)            Turns: 865, Time: 00:05:01

Health: 0/25       AC:  2    Str:  7    XL:     3   Next: 62%
Magic:  9/9        EV: 10    Int: 14    God:
Gold:   46         SH:  0    Dex: 14    Spells: 8/12 levels left

rFire   . . .        b - +0 sling
rCold   . . .        (no shield)
rNeg    + . .        c - +0 robe
rPois   .            (no helmet)
rElec   .            (no cloak)
rCorr   .            (no gloves)
SInv    .            (no boots)
Will    .....        (no amulet)
Stlth   +++          d - ring of positive energy
HPRegen 0.24/turn    (no ring)
MPRegen 0.11/turn

%: no passive effects
@: constricted
A: fangs 1, strong nose, distributed training
a: no special abilities


You were on level 2 of the Dungeon.
You visited 1 branch of the dungeon, and saw 2 of its levels.

You collected 46 gold pieces.

Inventory:

Hand Weapons
 a - a +2 mace of protection
 b - a +0 sling (weapon)
Armour
 c - a +0 robe (worn)
Jewellery
 d - a ring of positive energy (left hand)
Scrolls
 e - 2 scrolls of acquirement {unknown}
Potions
 f - a potion of magic
 g - 2 potions of attraction {unknown}
 h - a potion of mutation {unknown}
 i - a potion of curing {unknown}
 j - a potion of degeneration {unknown}


   Skills:
 + Level 0.9 Fighting
 + Level 0.9 Short Blades
 + Level 0.9 Long Blades
 + Level 0.9 Axes
 + Level 0.9 Maces & Flails
 + Level 0.9 Polearms
 + Level 0.9 Staves
 + Level 0.9 Ranged Weapons
 + Level 0.9 Throwing
 + Level 0.9 Armour
 + Level 4.5 Dodging
 + Level 4.2 Stealth
 + Level 0.9 Shields
 + Level 0.9 Unarmed Combat
 + Level 5.0 Spellcasting
 + Level 0.6 Conjurations
 + Level 0.6 Hexes
 + Level 0.6 Summonings
 + Level 0.6 Necromancy
 + Level 0.6 Translocations
 + Level 0.6 Fire Magic
 + Level 7.1 Ice Magic
 + Level 0.6 Air Magic
 + Level 0.6 Earth Magic
 + Level 0.6 Alchemy
 + Level 1.0 Invocations
 + Level 0.9 Evocations
 + Level 0.7 Shapeshifting


You had 8 spell levels left.
You knew the following spells:

 Your Spells              Type           Power      Damage    Failure   Level
a - Freeze                Ice            92%        1d9       1%          1
b - Frozen Ramparts       Ice            46%        1d7       2%          3

Your spell library contained the following spells:

 Spells                   Type           Power      Damage    Failure   Level
 Ozocubu's Armour         Ice            23%        N/A       2%          3
 Summon Ice Beast         Ice/Summ       14%        N/A       11%         3


Dungeon Overview and Level Annotations

Branches:
Dungeon (2/15)

Altars:
Fedhas


Innate Abilities, Weirdness & Mutations

You have very sharp teeth.
Your uncanny sense of smell can sniff out nearby items.
Your experience applies equally to all skills.


Message History

You freeze the bat!
You kill the bat!
The jackal barks!
A ball python comes into view.
A goblin comes into view. It is wielding a +0 dagger.
The goblin shouts!
You hear an angry hiss.
The jackal closely misses you. The jackal completely misses you.
The jackal closely misses you. The jackal misses you. The jackal bites you.
The jackal completely misses you. x2
The jackal misses you. The jackal barely misses you.
The goblin hits you with a +0 dagger. The jackal bites you.
The goblin hits you with a +0 dagger. The jackal bites you.
The ball python bites you but does no damage.
The ball python barely misses you. The goblin hits you with a +0 dagger.
The jackal closely misses you. The ball python barely misses you.
The ball python completely misses you. The jackal closely misses you.
The goblin hits you with a +0 dagger. The ball python closely misses you.
The ball python completely misses you. The jackal barely misses you.
The ball python barely misses you. The ball python closely misses you.
The goblin barely misses you. The jackal closely misses you.
The ball python misses you. The ball python grabs you.
The ball python constricts you. The jackal closely misses you.
The goblin hits you with a +0 dagger. The ball python bites you.
The ball python constricts you. The jackal bites you.
* * * LOW HITPOINT WARNING * * *
The goblin barely misses you. The jackal bites you.
* * * LOW HITPOINT WARNING * * *
The ball python barely misses you. The ball python constricts you.
* * * LOW HITPOINT WARNING * * *
The goblin hits you with a +0 dagger.
* * * LOW HITPOINT WARNING * * *
The jackal closely misses you. The ball python bites you.
* * * LOW HITPOINT WARNING * * *
The ball python constricts you.
You die...

#. ... #.. ##..#..# #..
###..##.....#### #..
#.....#.# #.....##..
#.......#######..... ∆
###........#......#...
.###......_.....#####....
.......g.....).## #.....
.......h@....#..# ##.....
......#S##....#.###......
........####.............
.........###.##..........
................##.......
.....#####.........##....
####...###...†....##.....
........<......#......
....†.......... ....


You could see a jackal, a goblin and a ball python.

Vanquished Creatures
  An adder (D:2)
  5 ball pythons (D:1)
  6 endoplasms
  3 goblins
  A hobgoblin (D:1)
  2 jackals
  4 quokkas
  7 bats
  4 frilled lizards (D:1)
  2 kobolds (D:1)
  A rat (D:2)
36 creatures vanquished.

Notes
Turn   | Place    | Note
-------+----------+-------------------------------------------
     0 | D:1      | 0gre the Gnoll Ice Elementalist began the quest for the
                  | Orb.
     0 | D:1      | Reached XP level 1. HP: 13/13 MP: 6/6
    75 | D:1      | Reached XP level 2. HP: 19/19 MP: 7/7
   385 | D:1      | Reached skill level 5 in Spellcasting
   385 | D:1      | Reached XP level 3. HP: 25/25 MP: 7/9
   389 | D:1      | Learned a level 3 spell: Frozen Ramparts
   764 | D:2      | Reached skill level 1 in Invocations
   822 | D:2      | Found a blossoming altar of Fedhas.
   865 | D:2      | HP: 1/25 [ball python (3)]
   865 | D:2      | Constricted to death by a ball python

Illustrated notes

Levels and vault maps discovered:
D:1:      minmay_arrival_four_circles, layout_loops_ring, serial_forest,
          infiniplex_forest_pool, infiniplex_forest_clump_tiny,
          infiniplex_forest_fountain, infiniplex_forest_corner_1
D:2:      layout_rooms, basic_altar

Skill      XL: |  1  2  3 |
---------------+----------+-----
Spellcasting   | 5 |  5.0
Invocations    | 1 |  1.0
Fighting       | |  0.9
Short Blades   | |  0.9
Long Blades    | |  0.9
Axes           | |  0.9
Maces & Flails | |  0.9
Polearms       | |  0.9
Staves         | |  0.9
Ranged Weapons | |  0.9
Throwing       | |  0.9
Armour         | |  0.9
Dodging        | |  4.5
Stealth        | |  4.2
Shields        | |  0.9
Unarmed Combat | |  0.9
Conjurations   | |  0.6
Hexes          | |  0.6
Summonings     | |  0.6
Necromancy     | |  0.6
Translocations | |  0.6
Fire Magic     | |  0.6
Ice Magic      | |  7.1
Air Magic      | |  0.6
Earth Magic    | |  0.6
Alchemy        | |  0.6
Evocations     | |  0.9
Shapeshifting  | |  0.7

Action                     || total
---------------------------++-------
  Melee: Mace              ||    26
         Bite              ||     2
   Fire: Sling             ||    55
   Cast: Freeze            ||     5
         Frozen Ramparts   ||     1
 Armour: Robe              ||    38
  Dodge: Dodged            ||    60
